 Dungeon Crawl Stone Soup version 0.31.0-12-g77e489cdc1 (webtiles) character file.

Game seed: 14679634774141192784

1621 spaghetti the Trooper (level 8, -1/105 HPs)
             Began as a Naga Chaos Knight on Feb 15, 2024.
             Was a Priest of Cheibriados.
             Shot with a sling bullet by Joseph (9 damage)
             ... on level 7 of the Dungeon.
             The game lasted 00:07:54 (4910 turns).

spaghetti the Trooper (Naga Chaos Knight)           Turns: 4910, Time: 00:07:55

Health: -1/105     AC: 20    Str: 21      XL:     8   Next: 96%
Magic:  28/32      EV:  1    Int: 23 (24) God:    Cheibriados [***...]
Gold:   156        SH:  0    Dex: 15      Spells: 7/7 levels left

rFire   . . .        n - +7 club (spect)
rCold   + . .        (no shield)
rNeg    . . .        b - melded +2 leather armour
rPois   +            (helmet currently unavailable)
rElec   .            l - melded +0 cloak
rCorr   .            u - melded +0 pair of gloves
SInv    +            (no barding)
Will    +....        x
                       - Hermit's Pendant {Faith Invo=14 Evo=0 MP+5}
Stlth   +++          w - ring of protection from cold
HPRegen 0.37/turn    A - ring of magical power
MPRegen 0.23/turn

%: random rage (3%), faith
@: tree-form, corroded, very slow
A: stationary, stasis, torment immunity, boosted hp, AC +2, large, see
invisible, (deformed body), (poison resistance), (slowness 2), spit poison 1,
(naga tail 1), (iridescent scales 1), berserk 1, clever 1, deterioration 1,
frail 1, wild magic 1, inability to drink after injury 2
a: Spit Poison, Renounce Religion, Bend Time, Temporal Distortion


You were on level 7 of the Dungeon.
You worshipped Cheibriados.
Cheibriados was most pleased with you.
You were a tree.
You visited 1 branch of the dungeon, and saw 7 of its levels.
You also visited: Sewer.

You collected 238 gold pieces.
You spent 82 gold pieces at shops.

Inventory:

Hand Weapons
 a - a +0 short sword of chaos
 f - a +3 hand axe
 j - a +2 dagger of venom
 n - a +7 spectral club (weapon)
 o - the +6 falchion of Insufficient Pleasure {freeze, +Blink Will+}
   (You found it on level 2 of the Dungeon)

   Will+:     It increases your willpower.
   +Blink:    It lets you blink.
 D - a +0 morningstar of flaming
Armour
 b - a +2 leather armour (melded)
 l - a +0 cloak (melded)
 u - a +0 pair of gloves (melded)
 E - +0 swamp dragon scales
Jewellery
 k - an amulet of guardian spirit
 w - a ring of protection from cold (left branch)
 x - the Hermit's Pendant (around neck) {Faith Invo=14 Evo=0 MP+5}
   (You found it on level 3 of the Dungeon)

   [amulet of faith]

   Invo=14: It sets your Invocations skill to 14.
   Evo=0: It sets your Evocations skill to 0.
   Faith:     It allows you to gain divine favour quickly.
   MP+5:      It affects your magic capacity (+5).
 A - a ring of magical power (right branch)
Wands
 p - a wand of roots (2)
Scrolls
 c - a scroll of butterflies
 m - a scroll of amnesia
 v - a scroll of teleportation
Potions
 d - a potion of attraction
 e - 7 potions of curing
 g - 2 potions of berserk rage {unknown}
 h - a potion of might {unknown}
 i - 2 potions of cancellation {unknown}
 q - a potion of resistance {unknown}
 r - 2 potions of heal wounds {unknown}
 s - 3 potions of lignification
 t - 3 potions of enlightenment {unknown}
 z - a potion of degeneration {unknown}
 B - a potion of haste {unknown}
 C - a potion of magic {unknown}


   Skills:
 + Level 6.7 Fighting
 - Level 3.4 Short Blades
 + Level 5.7 Maces & Flails
 + Level 5.1 Armour
 - Level 0.7 Dodging
 - Level 5.0 Stealth


You had 7 spell levels left.
You didn't know any spells.
Your spell library contained the following spells:

 Spells                   Type           Power      Damage    Failure   Level
 Summon Small Mammal      Summ           0%         N/A       22%         1
 Ensorcelled Hibernation  Hex/Ice        0%         N/A       32%         2
 Call Canine Familiar     Summ           0%         N/A       52%         3
 Passwall                 Erth           0%         N/A       52%         3
 Swiftness                Air            0%         N/A       52%         3
 Tukima's Dance           Hex            0%         N/A       52%         3
 Dimensional Bullseye     Hex/Tloc       0%         N/A       88%         4
 Iskenderun's Mystic Bla  Conj/Tloc      0%         2d3       88%         4
 Summon Blazeheart Golem  Fire/Summ      0%         N/A       88%         4


Dungeon Overview and Level Annotations

Branches:
Dungeon (7/15)             Temple (0/1) D:6           Sewer (visited)

Altars:
Ashenzari
Cheibriados
Ru
Sif Muna
Vehumet

Shops:
D:2 ([??

Annotations:
D:7 Joseph


Innate Abilities, Weirdness & Mutations

You are a tree.
Your roots penetrate the ground, keeping you stationary.
You cannot be teleported.
You are immune to unholy pain and torment.
Your maximum health is greatly increased.
Your equipment is partially melded.
((Your serpentine skin is tough. (AC +2)))
You have supernaturally acute eyesight. (SInv)
((Armour fits poorly on your strangely shaped body.))
((Your system is resistant to poisons. (rPois)))
((You cover ground very slowly.))
You can spit poison.
((You have a snake-like lower body.))
((You are partially covered in iridescent scales. (AC +2)))
You sometimes lose your temper in combat.
Your mind is acute. (Int +4, Str/Dex -1)
Your body sometimes deteriorates upon taking damage.
You are frail. (-10% HP)
Your spells are a little harder to cast, but a little more powerful.
You sometimes lose the ability to drink potions when taking damage.


Message History

The sky beast hits you but does no damage.
The black bear barely misses you. x2; The black bear claws you.
* * * LOW HITPOINT WARNING * * *
The sky beast hits you but does no damage.
The black bear bites you but does no damage.
The black bear claws you but does no damage. x2
You barely miss the sky beast.
Your +7 spectral club hits the sky beast.
The sky beast flickers out of sight for a moment.
The sky beast hits you but does no damage.
The black bear bites you but does no damage.
The black bear claws you but does no damage.
The black bear claws you.
* * * LOW HITPOINT WARNING * * *
Cornered, Joseph turns to fight!
Unknown command.
You turn into a tree.
Your +0 cloak melds into your body.
Your +0 pair of gloves melds into your body.
Your +2 leather armour melds into your body.
Your roots penetrate the ground.
Your +7 spectral club disappears.
The sky beast hits you but does no damage.
The black bear bites you but does no damage.
The black bear claws you but does no damage. x2
Joseph unwields a +0 quarterstaff.
Joseph wields a +3 sling.
Joseph shoots a sling bullet.
The sling bullet completely misses you.
You warp the flow of time around you!
Unknown command.
Unknown command.
Okay, then.
As you read the scroll labelled LIOTSA KECVOCS, it crumbles to dust.
It is a scroll of brand weapon.
Your +0 morningstar is engulfed in flames!
D - a +0 morningstar of flaming Joseph shouts!
The black bear bites you!
* * * LOW HITPOINT WARNING * * *
The black bear claws you but does no damage. x2
Joseph shoots a sling bullet.
The sling bullet hits you!
You die...

# .# ###.#
#...# #
###.#.##
#.#......#
#.#.#.#..?..#
#.......♣.#
.@.#.#h#Y#
#.#.# #.#..
#.#.## .....
#####


You could see Joseph, a black bear and a sky beast (wandering, invisible).

Vanquished Creatures
  Maggie (D:6)
  A sky beast (D:6)
  2 black bears
  3 ogres
  A gnoll sergeant (D:5)
  4 scorpions
  A bombardier beetle (D:5)
  A jelly (D:6)
  3 hounds (D:5)
  Jessica (D:2)
  3 iguanas
  2 orc wizards
  A hell rat (Sewer)
  2 adders
  5 gnolls (D:5)
  2 river rats
  A shadow imp (D:6)
  3 dart slugs
  A ribbon worm (D:4)
  12 orcs
  4 ball pythons
  6 endoplasms
  6 giant cockroaches
  6 goblins
  6 hobgoblins
  17 jackals
  5 kobolds
  4 quokkas
  3 bats
  4 frilled lizards
  10 rats
121 creatures vanquished.

Notes
Turn   | Place    | Note
-------+----------+-------------------------------------------
     0 | D:1      | spaghetti the Naga Chaos Knight began the quest for the
                  | Orb.
     0 | D:1      | Reached XP level 1. HP: 21/21 MP: 1/1
   100 | D:1      | Reached skill level 1 in Stealth
   111 | D:1      | Reached XP level 2. HP: 19/28 MP: 2/2
   331 | D:1      | Reached XP level 3. HP: 34/34 MP: 3/3
   920 | D:2      | Noticed Jessica
   920 | D:2      | XOM: 1-stop teleportation journey
   921 | D:2      | Killed Jessica
   922 | D:2      | Reached XP level 4. HP: 42/42 MP: 4/4
   929 | D:2      | Identified the +6 falchion of Insufficient Pleasure
                  | {freeze, +Blink Will+}
   978 | D:2      | Reached skill level 5 in Stealth
  1052 | D:2      | Found Ceasius's Antique Armour Boutique.
  1076 | D:2      | Found Gugory's Antique Weapon Boutique.
  1143 | D:2      | XOM: 8-stop teleportation journey
  1266 | D:2      | Found a broken altar of Ashenzari.
  1292 | D:2      | Found Zabeajul's Magic Scroll Shoppe.
  1396 | D:2      | XOM: god gift: black potion {god gift}
  1555 | D:2      | Found Tifituc's Magic Scroll Emporium.
  1558 | D:2      | Bought a scroll of enchant weapon for 82 gold pieces
  1809 | D:3      | Found a snail-covered altar of Cheibriados.
  1869 | D:3      | Reached skill level 1 in Maces & Flails
  1875 | D:3      | XOM: scenery: summon butterflies
  2089 | D:3      | XOM: 1-stop teleportation journey
  2102 | D:3      | XOM is BORED!
  2102 | D:3      | XOM: torment (24/42 hp)
  2435 | D:3      | Found a faded altar of an unknown god.
  2435 | D:3      | Found the Hermit's Pendant {Faith Invo=14 Evo=0 MP+5}
  2436 | D:3      | Noticed a black bear
  2442 | D:3      | Killed a black bear
  2443 | D:3      | Reached XP level 5. HP: 47/50 MP: 5/5
  2526 | D:3      | Fell from the grace of Xom
  2526 | D:3      | Became a worshipper of Cheibriados the Contemplative
  2579 | D:3      | Found a shimmering blue altar of Sif Muna.
  2733 | D:4      | Noticed an ogre
  2746 | D:4      | Killed an ogre
  2747 | D:4      | Reached skill level 4 in Fighting
  2747 | D:4      | Reached XP level 6. HP: 45/57 MP: 16/16
  2813 | D:4      | Found a sacrificial altar of Ru.
  2977 | D:4      | Reached * piety under Cheibriados
  3018 | D:4      | Found a glowing drain.
  3024 | Sewer    | Entered a sewer
  3134 | D:4      | You fall into a shaft and drop 1 floor!
  3134 | D:5      | Entered Level 5 of the Dungeon
  3151 | D:5      | Reached XP level 7. HP: 59/66 MP: 17/17
  3163 | D:5      | Reached ** piety under Cheibriados
  3243 | D:5      | XOM: summons 1 hostile demon
  3371 | D:5      | XOM: give mutations
  3371 | D:5      | Gained mutation: Your magical capacity is low. (-10% MP)
                  | [Xom's mischief]
  3371 | D:5      | Gained mutation: You are dopey. (Int -2) [Xom's mischief]
  3371 | D:5      | Gained mutation: You have a pair of small antennae on your
                  | head. [Xom's mischief]
  3371 | D:5      | Lost mutation: You have a pair of small antennae on your
                  | head. [Xom's mischief]
  3472 | D:5      | Lost mutation: Your magical capacity is low. (-10% MP)
                  | [potion of mutation]
  3472 | D:5      | Lost mutation: You are dopey. (Int -2) [potion of mutation]
  3472 | D:5      | Gained mutation: Your spells are a little harder to cast,
                  | but a little more powerful. [potion of mutation]
  3472 | D:5      | Gained mutation: You have very sharp teeth. [potion of
                  | mutation]
  3472 | D:5      | Gained mutation: You are partially covered in iridescent
                  | scales. (AC +2) [potion of mutation]
  3498 | D:5      | Reached skill level 5 in Fighting
  3572 | D:5      | XOM: give mutations
  3572 | D:5      | Gained mutation: You occasionally lose the ability to drink
                  | potions when taking damage. [Xom's mischief]
  3572 | D:5      | Gained mutation: Your body sometimes deteriorates upon
                  | taking damage. [Xom's mischief]
  3572 | D:5      | Gained mutation: You sometimes lose your temper in combat.
                  | [Xom's mischief]
  3647 | D:5      | XOM: summons 13 hostile demons
  3799 | D:5      | Reached XP level 8. HP: 75/75 MP: 18/18
  3902 | D:6      | Found a staircase to the Ecumenical Temple.
  4043 | D:6      | XOM: 4-stop teleportation journey
  4143 | D:6      | Found a radiant altar of Vehumet.
  4342 | D:6      | XOM: give mutations
  4342 | D:6      | Gained mutation: You sometimes lose the ability to drink
                  | potions when taking damage. [Xom's mischief]
  4342 | D:6      | Gained mutation: You are frail. (-10% HP) [Xom's mischief]
  4400 | D:6      | Noticed Maggie
  4413 | D:6      | Killed Maggie
  4414 | D:6      | Reached skill level 6 in Fighting
  4414 | D:6      | Reached skill level 5 in Maces & Flails
  4545 | D:6      | Reached *** piety under Cheibriados
  4546 | D:6      | Reached skill level 5 in Armour
  4554 | D:6      | XOM: give mutations
  4554 | D:6      | Gained mutation: Your mind is acute. (Int +4, Str/Dex -1)
                  | [Xom's mischief]
  4554 | D:6      | Lost mutation: You have very sharp teeth. [Xom's mischief]
  4854 | D:6      | XOM: god gift: potion of curing
  4897 | D:7      | Noticed Joseph
  4910 | D:7      | Shot with a sling bullet by Joseph

Illustrated notes

Levels and vault maps discovered:
D:1:      sevenhm_arrival_forest_fort_large_2, layout_basic
D:2:      layout_loops_ring, basic_altar, serial_shops, nicolae_diamond_shop,
          nicolae_shop_rolled_up, nicolae_square_shop, shop, uniq_jessica
D:3:      layout_basic, kennysheep_slug_shrine, tgw_sif,
          hellmonk_guarded_unrand_hermit
D:4:      layout_loops_ring, mainiacjoe_overflow_paths, nicolae_ru_awakened_eye,
          portal_sewer_entry_e, minmay_pentomino_pile, uniq_natasha
D:5:      layout_gridville, minmay_misc_feat_rows
D:6:      layout_gridville, nicolae_vehumet_radiance,
          minmay_temple_entry_slanted, kennysheep_generic_room_3, uniq_maggie
D:7:      layout_basic, uniq_jeremiah, uniq_joseph

Skill      XL: |  1  2  3  4  5  6  7  8 |
---------------+-------------------------+-----
Stealth        | 2 4 5 |  5.0
Maces & Flails | 2 3 4 5 |  5.7
Armour         | 2 3 5 |  5.1
Fighting       | 4 5 6 |  6.7
Short Blades   | |  3.4
Dodging        | |  0.7

Action                     |  1- 3 |  4- 6 |  7- 9 || total
---------------------------+-------+-------+-------++-------
  Melee: Short sword       |    12 |       |       ||    12
         Hand axe          |    28 |       |       ||    28
         Club              |       |    84 |   119 ||   203
         Punch             |       |     2 |     3 ||     5
         Bite              |       |       |    12 ||    12
 Invoke: Temporal Distorti |       |       |     1 ||     1
Ability: Spit Poison       |    17 |    39 |    23 ||    79
    Use: Scroll            |       |     9 |     4 ||    13
         Potion            |       |     2 |     3 ||     5
   Stab: Sleeping          |     1 |     1 |       ||     2
         Distracted        |       |       |     3 ||     3
 Armour: Leather armour    |    47 |    88 |   118 ||   253
         Skin              |       |       |     8 ||     8
  Dodge: Dodged            |    38 |    52 |    69 ||   159
